 Dungeon Sprint DCSS version 0.28.0-53-g5a82cb258f (webtiles) character file.

Game seed: 13692716047496994280

1011 Zeld the Fighter (level 8, -1/127 HPs)
             Began as a Minotaur Berserker on June 4, 2022.
             Was an Elder of Trog.
             Slain by a shadow (30 damage)
             ... in the Dungeon (Sprint III: "The Ten Rune Challenge").
             The game lasted 00:00:56 (1031 turns).

Zeld the Fighter (Minotaur Berserker)               Turns: 1031, Time: 00:00:57

Health: -1/127     AC: -3    Str: 23    XL:     8   Next: 1%
Magic:  7/7        EV: 14    Int:  4    God:    Trog [****..]
Gold:   28         SH:  0    Dex: 11    Spells: 7/7 levels left

rFire   + . .      SeeInvis .   a - +0 hand axe
rCold   . . .      Faith    .   (no shield)
rNeg    . . .      Spirit   .   b - +0 animal skin
rPois   .          Reflect  .   (helmet restricted)
rElec   .          Harm     .   i - +0 cloak
rCorr   .          Rampage  .   (no gloves)
Will    .....      NoTele   +   (no boots)
Stlth   ..........              (no amulet)
HPRegen 0.31/turn               (no ring)
MPRegen 0.10/turn               (no ring)

@: berserking, corroded, very quick
A: horns 2, retaliatory headbutt, fire resistance 1
a: Renounce Religion, Berserk, Trog's Hand, Brothers in Arms


You were in the Dungeon.
You worshipped Trog.
Trog was greatly pleased with you.
You visited 1 branch You collected 28 gold pieces.

Inventory:

Hand Weapons
 a - a +0 hand axe (weapon)
Armour
 b - a +0 animal skin (worn)
 i - a +0 cloak (worn)
Wands
 o - a wand of iceblast (11)
Scrolls
 h - a scroll of blinking
 k - 2 scrolls of holy word {unknown}
 l - 2 scrolls of identify {unknown}
Potions
 c - a potion of curing
 d - 2 potions of heal wounds
 e - a potion of haste
 f - 2 potions of magic
 g - 2 potions of berserk rage
 j - 3 potions of mutation
 m - a potion of degeneration {unknown}
 n - a potion of lignification {unknown}


   Skills:
 * Level 12.5 Fighting
 * Level 12.5 Axes
 + Level 8.9 Armour
 + Level 8.2 Dodging


You had 7 spell levels left.
You didn't know any spells.
Your spell library was empty.

Dungeon Overview and Level Annotations

Branches:
Dungeon (1/1)

Altars:
Dithmenos
Elyvilon
Kikubaaqudgha
Okawaru
Ru
Sif Muna
Trog
Uskayaw
Vehumet
Wu Jian
Yredelemnul
Zin
The Shining One
Beogh


Innate Abilities, Weirdness & Mutations

You have a pair of horns on your head.
You reflexively headbutt those who attack you in melee.
Your flesh is heat resistant. (rF+)


Message History

The jelly is heavily wounded.
You barely miss the shadow. The jelly closely misses you.
You furiously retaliate!
You headbutt the jelly, but do no damage.
The shadow slips into darkness.
The shadow flickers and vanishes!
Deactivating autopickup; reactivate with Ctrl-A.
You hit the jelly.
Your hands burn!
The jelly is severely wounded.
You hit something but do no damage. The jelly barely misses you.
You furiously retaliate!
You headbutt the jelly!
You kill the jelly!
Trog accepts your kill.
Trog will now gift you melee weapons as you gain piety.
The shadow strikes at you from the darkness!
* * * LOW HITPOINT WARNING * * *
Reactivating autopickup.
You have reached level 8!
You feel agile.
You are too injured to fight recklessly!
A red film seems to cover your vision as you go berserk!
You feel yourself moving faster!
You feel mighty! Trog will no longer gift you weapons. The shadow hits you!
* * * LOW HITPOINT WARNING * * *
You hit the shadow but do no damage. You headbutt the shadow.
Your punch misses the shadow.
The shadow is lightly damaged.
You hit the shadow. You headbutt the shadow!
The shadow is heavily damaged.
You slash the shadow!
The shadow is severely damaged.
The shadow slips into darkness.
The shadow flickers and vanishes!
Deactivating autopickup; reactivate with Ctrl-A.
You barely miss something.
Unknown command.
You completely miss something. You headbutt something.
The shadow strikes at you from the darkness!
You die...

▓▓▓
##.############
####..#___#___#__#
#..#..#...#__)#._#
#..#..###'#'###)##
##'#..#..........#
###...'.⌠........#
###...#...######'#
##....#.⌠.# #.{@#
#.....#...# #...#
.)....#)### #...#
#.....#.::# #...+
##....#___# +...#
▓▓▓▓▓▓▓▓▓▓ ▓▓▓▓▓


There were no monsters in sight!

Vanquished Creatures
  A deep elf pyromancer (D)
  A necrophage (D)
  A water elemental (D)
  Crazy Yiuf (D)
  A jelly (D)
  A wizard (D)
  Jessica (D)
  A necromancer (D)
  3 humans (D)
  A kobold demonologist (D)
  2 endoplasms (D)
  A rat (D)
15 creatures vanquished.

Notes
Turn   | Place    | Note
-------+----------+-------------------------------------------
     0 | D        | Zeld the Minotaur Berserker began the quest for the Orb.
     0 | D        | Reached XP level 1. HP: 19/19 MP: 0/0
    54 | D        | Reached ** piety under Trog
    84 | D        | Noticed Jessica
    88 | D        | Killed Jessica
    89 | D        | Reached skill level 5 in Fighting
    89 | D        | Reached skill level 5 in Axes
    89 | D        | Reached XP level 2. HP: 29/29 MP: 1/1
    89 | D        | Reached XP level 3. HP: 36/36 MP: 2/2
   174 | D        | Noticed Crazy Yiuf
   181 | D        | Killed Crazy Yiuf
   182 | D        | Reached XP level 4. HP: 14/45 MP: 3/3
   315 | D        | Gained mutation: Your flesh is heat resistant. (rF+)
                  | [potion of mutation]
   426 | D        | Noticed a water elemental
   430 | D        | Killed a water elemental
   431 | D        | Reached skill level 5 in Armour
   479 | D        | Found a radiant altar of Vehumet.
   479 | D        | Found a shimmering blue altar of Sif Muna.
   479 | D        | Found an ancient bone altar of Kikubaaqudgha.
   479 | D        | Noticed a wizard
   485 | D        | Noticed a rust devil
   486 | D        | Killed a wizard
   486 | D        | Reached *** piety under Trog
   487 | D        | Reached skill level 5 in Dodging
   487 | D        | Reached XP level 5. HP: 42/53 MP: 4/4
   567 | D        | Found a glowing silver altar of Zin.
   567 | D        | Found a glowing golden altar of the Shining One.
   567 | D        | Found a white marble altar of Elyvilon.
   568 | D        | Noticed a deep elf pyromancer
   577 | D        | Killed a deep elf pyromancer
   577 | D        | Reached **** piety under Trog
   578 | D        | Reached XP level 6. HP: 40/68 MP: 5/5
   578 | D        | Reached XP level 7. HP: 44/74 MP: 6/6
   774 | D        | Found a hide-covered altar of Uskayaw.
   774 | D        | Found an iron altar of Okawaru.
   774 | D        | Found a bloodstained altar of Trog.
   774 | D        | Found an ornate altar of the Wu Jian Council.
   774 | D        | Noticed a human
   776 | D        | Noticed a human
   779 | D        | Killed a human
   784 | D        | Killed a human
   890 | D        | Found a basalt altar of Yredelemnul.
   890 | D        | Found a shadowy altar of Dithmenos.
   890 | D        | Found a sacrificial altar of Ru.
  1016 | D        | Noticed a shadow
  1025 | D        | Reached ***** piety under Trog
  1026 | D        | Reached XP level 8. HP: 24/85 MP: 7/7
  1031 | D        | Slain by a shadow

Illustrated notes

Levels and vault maps discovered:
D:        dungeon_sprint_mu [sprint_mu_entry_cave, sprint_mu_temple_rooms,
          sprint_mu_d1_horrors, sprint_mu_d2_genie, sprint_mu_d3_branching,
          sprint_mu_orc_legion, sprint_mu_elf_gauntlet, sprint_mu_hive_nellie,
          sprint_mu_lair_fedhas, sprint_mu_vaults_butterflies,
          sprint_mu_slime_circle, sprint_mu_swamp_cave, sprint_mu_shoals_kraken,
          sprint_mu_blade_basic, sprint_mu_crypt_fortress,
          sprint_mu_tomb_spiral, sprint_mu_vestibule_basic,
          sprint_mu_gehenna_hellfire, sprint_mu_dis_giant,
          sprint_mu_tartarus_statrot, sprint_mu_cocytus_islands, sprint_mu_zot1]

Skill      XL: |  1  2  3  4  5  6  7 |
---------------+----------------------+-----
Fighting       | 5 6 8 11 12 | 12.5
Axes           | 5 6 8 11 12 | 12.5
Armour         | 3 4 5 7 8 |  8.9
Dodging        | 3 4 5 7 8 |  8.2

Action                   |  1- 3 |  4- 6 |  7- 9 || total
-------------------------+-------+-------+-------++-------
Melee: Hand axe          |     8 |    23 |    27 ||    58
       Headbutt          |     1 |     4 |     7 ||    12
       Unarmed           |     1 |       |       ||     1
       Punch             |       |     1 |       ||     1
Invok: Berserk           |     2 |     2 |     2 ||     6
  Use: Potion            |       |     1 |       ||     1
Armor: Animal skin       |     1 |     1 |       ||     2
Dodge: Dodged            |     4 |     7 |    13 ||    24
